 Dungeon Crawl Stone Soup version 0.26-a0-438-g4b1dca4f87 (webtiles) character file.

Game seed: 10911147670137790389

166 Misa the Magician (level 5, -11/28 HPs)
             Began as a Deep Elf Fire Elementalist on July 26, 2020.
             Engulfed by Ijyb's freezing vapour (39 damage)
             ... on level 4 of the Dungeon.
             The game lasted 00:05:00 (3207 turns).

Misa the Magician (Deep Elf Fire Elementalist)      Turns: 3207, Time: 00:05:01

Health: -11/28     AC:  3    Str:  5    XL:     5   Next: 22%
Magic:  12/14      EV: 13    Int: 21    God:
Gold:   110        SH:  0    Dex: 15    Spells: 12/13 levels left

rFire    + . .     SeeInvis .   e - +2 dagger (speed)
rCold    x . .     Faith    .   (no shield)
rNeg     . . .     Spirit   .   a - +0 robe
rPois    .         Reflect  .   i - +0 helmet
rElec    .         Harm     .   (no cloak)
rCorr    .                      (no gloves)
MR       .....                  (no boots)
Stlth    ++........             (no amulet)
HPRegen  0.09/turn              j - ring of fire
MPRegen  0.14/turn              (no ring)

@: no status effects
A: no striking features
a: no special abilities


You were on level 4 of the Dungeon.
You visited 1 branch of the dungeon, and saw 4 of its levels.

You collected 110 gold pieces.

Inventory:

Hand Weapons
 e - a +2 dagger of speed (weapon)
Armour
 a - a +0 robe (worn)
 i - a +0 helmet (worn)
Jewellery
 j - a ring of fire (left hand)
Scrolls
 b - 5 scrolls of enchant armour {unknown}
 c - 5 scrolls of identify {unknown}
 f - 3 scrolls of remove curse {unknown}
 g - a scroll of immolation {unknown}
 h - 2 scrolls of fear {unknown}
 k - a scroll of teleportation {unknown}
 l - a scroll of blinking {unknown}
Potions
 d - 7 potions of curing
 m - a potion of lignification {unknown}


   Skills:
 - Level 2.4 Dodging
 - Level 2.4 Stealth
 + Level 4.8 Spellcasting
 + Level 3.3 Conjurations
 + Level 4.6 Fire Magic


You had 12 spell levels left.
You knew the following spells:

 Your Spells              Type           Power        Failure   Level
a - Foxfire               Conj/Fire      ####         2%          1

Your spell library contained the following spells:

 Spells                   Type           Power        Failure   Level
 Conjure Flame            Conj/Fire      ####....     6%          3
 Inner Flame              Hex/Fire       ###.....     13%         3
 Sticky Flame             Conj/Fire      ####....     22%         4
 Fireball                 Conj/Fire      ####......   52%         5


Dungeon Overview and Level Annotations

Branches:
Dungeon (4/15)
 Temple: D:4-7

Altars:
Makhleb
Trog
Zin

Annotations:
D:3 2 transporters, Askman's ghost, weakling DEEn
D:4 Ijyb


Message History

Where to? (Enter - D:3, ? - help)
There is a stone staircase leading down here.
You climb downwards.
An iguana and Ijyb come into view.
Ijyb is wielding a +0 dagger and carrying a wand of clouds (5).
Ijyb shouts!
Found four items.
Found a stone staircase leading up.
There is a stone staircase leading up here.
Casting: Foxfire (safe; 2% risk of failure)
Confirm with . or Enter, or press ? or * to list all spells.
You feel a surge of power!
You conjure some foxfire!
The iguana hisses angrily.
Ijyb zaps a wand.
Ijyb creates a blast of freezing vapour!
Casting: Foxfire (safe; 2% risk of failure)
Confirm with . or Enter, or press ? or * to list all spells.
You feel a surge of power!
You conjure some foxfire!
You are engulfed in freezing vapours.
Ouch! That really hurt!
You die...

^..........#
#.....?.$...
#..........#
#..........#
#..<.....).#
#........#
###...v..l.##
#..§§@v§$...#
.....§§vv.....#
####..§§......#
#..§§......#
#..g.......#
##........##
##....!.##
########


You could see Ijyb and an iguana.

Vanquished Creatures
  An orc priest (D:3)
  A hound (D:2)
  4 adders
  2 dart slugs
  9 orcs (D:3)
  A ball python (D:3)
  4 giant cockroaches
  7 goblins
  6 hobgoblins
  3 bats
  8 frilled lizards
  7 kobolds
  6 rats
59 creatures vanquished.

Vanquished Creatures (others)
  185 foxfires
  6 plants (D:3)
191 creatures vanquished.

Grand Total: 250 creatures vanquished

Notes
Turn   | Place    | Note
-------+----------+-------------------------------------------
     0 | D:1      | Misa the Deep Elf Fire Elementalist began the quest for the
                  | Orb.
     0 | D:1      | Reached XP level 1. HP: 10/10 MP: 6/6
   224 | D:1      | Reached XP level 2. HP: 15/15 MP: 2/8
   960 | D:2      | Found a burning altar of Makhleb.
   968 | D:2      | Reached XP level 3. HP: 4/19 MP: 1/10
  1693 | D:2      | Found a glowing silver altar of Zin.
  1720 | D:2      | Reached XP level 4. HP: 24/24 MP: 12/12
  2364 | D:3      | Found a bloodstained altar of Trog.
  2391 | D:3      | Reached XP level 5. HP: 28/28 MP: 2/14
  2646 | D:3      | Found a transporter.
  2682 | D:3      | Noticed Askman's ghost (weakling DEEn)
  2704 | D:3      | Found a transporter.
  3205 | D:4      | Noticed Ijyb
  3207 | D:4      | Engulfed by Ijyb's freezing vapour

Illustrated notes

Levels and vault maps discovered:
D:1:      dpeg_arrival_snail, layout_basic, minmay_fountain_box,
          chequers_serial_rivers_small_3, kennysheep_decorative_pillar
D:2:      layout_basic, makhleb_heckhound_becter, lemuel_doored_altar
D:3:      layout_basic, bloody_trog, gammafunk_ghost_gnarly_gnolls,
          minmay_misc_feat_diagonals, minmay_misc_feat_iff
D:4:      layout_rooms, minmay_lizard_king, uniq_grinder, uniq_ijyb

Skill      XL: |  1  2  3  4 |
---------------+-------------+-----
Conjurations   | 2 3 |  3.3
Fire Magic     | 4 |  4.6
Spellcasting   | 4 |  4.8
Dodging        | |  2.4
Stealth        | |  2.4

Action                   |  1- 3 |  4- 6 || total
-------------------------+-------+-------++-------
Melee: Dagger            |     8 |     6 ||    14
 Cast: Foxfire           |    59 |    68 ||   127
 Stab: Sleeping          |     2 |     4 ||     6
Armor: Robe              |     1 |     2 ||     3
Dodge: Dodged            |    18 |     7 ||    25

Table legend: (Time is in decaauts)
 A = Elapsed time spent in this place.
 B = Non-inter-level travel time spent in this place.
 C = Inter-level travel time spent in this place.
 D = Time resting spent in this place.
 E = Time spent auto-exploring this place.
 F = Levels seen in this place.
 G = Mean time per level.
                   A        B        C        D        E       F      G
               +--------+--------+--------+--------+--------+-----+--------+
         Total |   3209 |   3149 |     60 |    522 |   2220 |   4 |  802.2 |
       Dungeon |   3209 |   3149 |     60 |    522 |   2220 |   4 |  802.2 |
               +--------+--------+--------+--------+--------+-----+--------+

Top non-repeatable levels by time:
     D:1: 1206 daAuts
     D:2: 1056 daAuts
     D:3: 944 daAuts
     D:4: 1 daAuts
